 Dungeon Crawl Stone Soup version 0.29.0-4-gdea44cf6ec (webtiles) character file.

Game seed: 2010192347778071589

161 qw the Chopper (level 5, -2/30 HPs)
             Began as a Tengu Warper on Aug 28, 2022.
             Killed from afar by Ijyb (4 damage)
             ... with a puff of flame
             ... on level 3 of the Dungeon.
             The game lasted 00:00:17 (3101 turns).

qw the Chopper (Tengu Warper)                       Turns: 3101, Time: 00:00:17

Health: -2/30      AC:  8    Str: 14    XL:     5   Next: 42%
Magic:  9/9        EV:  7    Int: 13    God:
Gold:   152        SH:  4    Dex: 13    Spells: 8/8 levels left

rFire   . . .      SeeInvis .   Y - +0 hand axe
rCold   . . .      Faith    .   d - +0 buckler
rNeg    . . .      Spirit   .   m - +0 chain mail
rPois   .          Reflect  .   (helmet restricted)
rElec   .          Harm     .   (no cloak)
rCorr   .          Rampage  .   (no gloves)
Will    .....                   (boots unavailable)
Stlth   ..........              (no amulet)
HPRegen 0.10/turn               (no ring)
MPRegen 0.11/turn               (no ring)

@: about to teleport, flying quickly and evasively, quick
A: beak, talons 3, nimble flight
a: no special abilities


You were on level 3 of the Dungeon.
You visited 1 branch of the dungeon, and saw 3 of its levels.

You collected 152 gold pieces.


Innate Abilities, Weirdness & Mutations

You have a beak for a mouth.
You have claws for feet.
Your magical nature lets you fly swiftly and evasively.


   Skills:
 - Level 2.0 Fighting
 + Level 5.8 Axes
 - Level 1.0 Throwing
 - Level 1.1 Armour
 - Level 2.1 Dodging
 - Level 1.0 Shields
 - Level 2.0 Spellcasting
 - Level 2.4 Translocations


You had 8 spell levels left.
You didn't know any spells.
Your spell library contained the following spells:

 Spells                   Type           Power      Damage    Failure   Level
 Blink                    Tloc           14%        N/A       99%         2
 Gell's Gravitas          Tloc           7%         N/A       100%        3
 Lesser Beckoning         Tloc           7%         N/A       100%        3
 Teleport Other           Tloc           7%         N/A       100%        3
 Manifold Assault         Tloc           7%         N/A       100%        5

Inventory:

Hand Weapons
 g - a +0 flail
 Y - a +0 hand axe (weapon)
Missiles
 k - 4 boomerangs
 l - a silver javelin (quivered)
Armour
 d - a +0 buckler (worn)
 m - a +0 chain mail (worn)
Scrolls
 c - a scroll of teleportation
 e - a scroll of identify
Potions
 a - a potion of haste
 b - a potion of attraction {unknown}
 f - a potion of mutation
 h - a potion of flight {unknown}
 j - a potion of resistance
 n - a potion of curing {unknown}

Dungeon Overview and Level Annotations

Branches:
Dungeon (3/15)

Altars:
Ru
Lugonu

Portals:
Abyss: D:3

Annotations:
D:3 2 runed translucent doors, Ijyb


Message History

You start resting.
HP restored.
Done exploring.
3084 ||| READING scroll labelled FUELLE BOUR.
The air fills with toxic fumes!
As you read the scroll labelled FUELLE BOUR, it crumbles to dust.
It was a scroll of poison.
Done exploring.
(D) Dungeon
Where to? (* - list waypoints, Enter - D:3, ? - help)
What level of the Dungeon? (default 1, ? - help)
You fly downwards.
Level annotation: 2 runed translucent doors, Ijyb
There is a stone staircase leading up here.
An adder comes into view.
The adder hisses angrily.
3093 ||| Stepping ~*~*~tactically~*~*~ (hiding).
Throw: 2 javelins (silver)
Press: ? - help, Q - select action, (/) - cycle Shift-Dir - straight line, f - adder You throw a silver javelin.
The silver javelin pierces through the adder!
The adder is almost dead.
The adder closely misses you.
You hit the adder.
You kill the adder!
You start waiting.
Ijyb is nearby!
Ijyb zaps a wand.
The puff of flame hits you.
You barely miss Ijyb. Your peck misses Ijyb.
Ijyb zaps a wand.
The puff of flame hits you!
You hit Ijyb but do no damage. Ijyb hits you with a +6 dagger of pain!
You closely miss Ijyb. You claw Ijyb.
Ijyb is moderately wounded.
Ijyb zaps a wand.
The puff of flame hits you!
3101 ||| READING 2 scrolls of teleportation.
As you read the scroll of teleportation, it crumbles to dust.
You feel strangely unstable.
Ijyb zaps a wand.
The puff of flame hits you.
You die...

######........#
#...# #.
............# #####
## .............#
#... ......#####..#
#.¤¤.. ......# #.g#
##¤¤¤## ...... #..#
##¤## ...... ##.#
#¤¤####
.....######.#
.......#
......%.@.#.#
.._...#
....(.###g#.#
.....# #####
#<#.#.## #.K.#
#.#.#..# #KK#
#.#.#..###++#
#.#.#.......#
#..<[.###...#######
#..#### ##...##....
#..# ###.......


You could see Ijyb.

Vanquished Creatures
  A hound (D:2)
  6 adders
  A worm (D:2)
  4 dart slugs
  6 orcs (D:3)
  3 ball pythons
  3 endoplasms
  2 giant cockroaches
  4 hobgoblins (D:2)
  4 jackals (D:1)
  3 quokkas
  2 bats (D:2)
  5 frilled lizards
  7 goblins
  4 kobolds
  4 rats
59 creatures vanquished.

Notes
Turn   | Place    | Note
-------+----------+-------------------------------------------
     0 | D:1      | qw the Tengu Warper began the quest for the Orb.
     0 | D:1      | Reached XP level 1. HP: 12/12 MP: 4/4
     0 | D:1      | 0 ||| qw: Version: 0.1-a-89-g26bdef1
     0 | D:1      | 0 ||| qw: Game counter: 1247
     0 | D:1      | 0 ||| qw: Always use a shield: true
     0 | D:1      | 0 ||| qw: God list: Okawaru
     0 | D:1      | 0 ||| qw: Allow faded altars: false
     0 | D:1      | 0 ||| qw: Do Orc after D:15 true
     0 | D:1      | 0 ||| qw: Do second Lair branch before Depths: true
     0 | D:1      | 0 ||| qw: Lair rune preference: random
     0 | D:1      | 0 ||| qw: Plans: Normal
     0 | D:1      | 0 ||| PLANNING D:1-11
    26 | D:1      | 26 ||| Stepping ~*~*~tactically~*~*~ (stealth).
   290 | D:1      | Reached skill level 3 in Axes
   290 | D:1      | Reached XP level 2. HP: 17/17 MP: 6/6
   651 | D:1      | 651 ||| Stepping ~*~*~tactically~*~*~ (stealth).
   655 | D:1      | 655 ||| Stepping ~*~*~tactically~*~*~ (stealth).
   657 | D:1      | 657 ||| Stepping ~*~*~tactically~*~*~ (stealth).
   665 | D:1      | 665 ||| Stepping ~*~*~tactically~*~*~ (hiding).
   666 | D:1      | 666 ||| Stepping ~*~*~tactically~*~*~ (stealth).
   676 | D:1      | Reached XP level 3. HP: 11/21 MP: 7/7
   835 | D:1      | Found a faded altar of an unknown god.
   894 | D:1      | 894 ||| UPGRADING to +0 chain mail.
   904 | D:1      | 904 ||| DROPPING +0 leather armour.
   905 | D:1      | 905 ||| READING scroll labelled GIUPUW BIBUGUFI.
   906 | D:1      | 906 ||| READING 3 scrolls labelled UMNAIL LYOHUU.
   907 | D:1      | 907 ||| READING scroll labelled YBUHAOSIERR.
   911 | D:1      | 911 ||| READING scroll labelled PELOIW GEKHO.
   912 | D:1      | 912 ||| READING scroll labelled PEEGHI FOWOVEI.
   913 | D:1      | 913 ||| DRINKING 2 grey potions.
  1017 | D:1      | 1017 ||| READING 2 scrolls of identify.
  1017 | D:1      | 1017 ||| IDENTIFYING yellow potion
  1018 | D:1      | 1018 ||| DROPPING scroll of blinking.
  1019 | D:1      | 1019 ||| DROPPING potion of berserk rage.
  1061 | D:2      | Reached skill level 4 in Axes
  1240 | D:2      | 1240 ||| DROPPING +0 club.
  1475 | D:2      | 1475 ||| Stepping ~*~*~tactically~*~*~ (stealth).
  1484 | D:2      | Reached skill level 5 in Axes
  1484 | D:2      | Reached XP level 4. HP: 26/26 MP: 8/8
  1997 | D:2      | Gained mutation: Your magical nature lets you fly swiftly
                  | and evasively. [Tengu growth]
  1997 | D:2      | Reached XP level 5. HP: 29/29 MP: 9/9
  2290 | D:2      | 2290 ||| UPGRADING to +0 buckler.
  2295 | D:2      | 2295 ||| DRINKING 2 pink potions.
  2296 | D:2      | 2296 ||| READING 2 scrolls of identify.
  2296 | D:2      | 2296 ||| IDENTIFYING murky sapphire potion
  2324 | D:3      | Found a large runed translucent door.
  2325 | D:3      | Found a large runed translucent door.
  2331 | D:3      | Found a corrupted altar of Lugonu.
  2362 | D:3      | 2362 ||| Stepping ~*~*~tactically~*~*~ (stealth).
  2368 | D:3      | 2368 ||| Stepping ~*~*~tactically~*~*~ (stealth).
  2533 | D:3      | 2533 ||| DROPPING +0 mace.
  2550 | D:3      | Identified the +8 spear of the Iron City of Dis {distort,
                  | rElec rF+}
  2650 | D:3      | Found a faded altar of an unknown god.
  2651 | D:3      | 2651 ||| Stepping ~*~*~tactically~*~*~ (hiding).
  2761 | D:3      | Found a sacrificial altar of Ru.
  2801 | D:3      | Reached skill level 1 in Shields
  2846 | D:3      | 2846 ||| Stepping ~*~*~tactically~*~*~ (stealth).
  2873 | D:3      | Found a one-way gate to the infinite horrors of the Abyss.
  2925 | D:3      | Noticed Ijyb
  2928 | D:3      | 2928 ||| FLEEEEING.
  2929 | D:3      | 2929 ||| FLEEEEING.
  2930 | D:3      | 2930 ||| FLEEEEING.
  2931 | D:3      | 2931 ||| FLEEEEING.
  2932 | D:3      | 2932 ||| FLEEEEING.
  2933 | D:3      | 2933 ||| FLEEEEING.
  2934 | D:3      | 2934 ||| FLEEEEING.
  2935 | D:3      | 2935 ||| FLEEEEING.
  2936 | D:3      | 2936 ||| FLEEEEING.
  2943 | D:3      | 2943 ||| FLEEEEING.
  2944 | D:3      | 2944 ||| FLEEEEING.
  2945 | D:3      | 2945 ||| FLEEEEING.
  2946 | D:3      | 2946 ||| FLEEEEING.
  2947 | D:3      | 2947 ||| FLEEEEING.
  2948 | D:3      | 2948 ||| FLEEEEING.
  2959 | D:3      | 2959 ||| FLEEEEING.
  2963 | D:3      | 2963 ||| STAIRDANCE
  3084 | D:2      | 3084 ||| READING scroll labelled FUELLE BOUR.
  3093 | D:3      | 3093 ||| Stepping ~*~*~tactically~*~*~ (hiding).
  3100 | D:3      | HP: 2/30 [Ijyb/puff of flame (9)]
  3101 | D:3      | 3101 ||| READING 2 scrolls of teleportation.
  3101 | D:3      | Killed from afar by Ijyb

Levels and vault maps discovered:
D:1:      minmay_arrival_four_loops, layout_rooms, basic_ecumenical_altar,
          eino_curves_02
D:2:      layout_basic, minivault_5, chequers_avenue, eino_tiny_chamber
D:3:      due_chaos_kobolds, layout_basic, nicolae_overflow_ecumenical_swirl,
          gammafunk_ghost_icy, minmay_misc_feat_columns, st_stairs_2, uniq_ijyb

Skill      XL: |  1  2  3  4  5 |
---------------+----------------+-----
Axes           | 3 5 |  5.8
Shields        | 1 |  1.0
Fighting       | |  2.0
Throwing       | |  1.0
Armour         | |  1.1
Dodging        | |  2.1
Spellcasting   | |  2.0
Translocations | |  2.4

Action                   |  1- 3 |  4- 6 || total
-------------------------+-------+-------++-------
Melee: Hand axe          |    62 |    66 ||   128
       Peck              |     5 |    11 ||    16
       Kick              |    16 |    16 ||    32
       Punch             |     2 |       ||     2
Throw: Boomerang         |    25 |    36 ||    61
       Javelin           |       |     9 ||     9
  Use: Scroll            |     6 |     3 ||     9
       Potion            |     1 |     1 ||     2
Armor: Leather armour    |     8 |       ||     8
       Chain mail        |    22 |    24 ||    46
Dodge: Dodged            |    36 |    33 ||    69
Block: Buckler           |       |     4 ||     4

Table legend:
 A = Non-vault XP
 B = Vault XP
 C = Vault XP percentage of total XP
 D = Non-vault monster count
 E = Vault monster count
 F = Vault count percentage of total count
                 A         B        C        D         E       F
            +---------+---------+-------+---------+---------+-------
      Total |     214 |      17 |   7.4 |      57 |       2 |   3.4
            +---------+---------+-------+---------+---------+-------
        D:1 |      42 |       0 |   0.0 |      22 |       0 |   0.0
        D:2 |     129 |       0 |   0.0 |      21 |       0 |   0.0
        D:3 |      43 |      17 |  28.3 |      14 |       2 |  12.5
            +---------+---------+-------+---------+---------+-------
